 Dungeon Crawl Stone Soup version 0.20.0-10-g0535bb4 (webtiles) character file.

76380 Bareth the Executioner (level 15, -4/147 HPs)
             Began as a Hill Orc Berserker on June 5, 2017.
             Was the Champion of Trog.
             Slain by a four-headed hydra (7 damage)
             ... on level 1 of the Swamp.
             The game lasted 01:27:06 (22370 turns).

Bareth the Executioner (Hill Orc Berserker)        Turns: 22370, Time: 01:27:08

Health: -4/147     AC: 35    Str: 24    XL:     15   Next: 53%
Magic:  0/15       EV:  9    Int:  7    God:    Trog [******]
Gold:   1949       SH:  0    Dex: 13    Spells: 14/14 levels left

rFire    + . .     SeeInvis +   V - +3 hand axe of Qitrud {flame, +Rage rElec rN++ SInv}
rCold    . . .     Gourm    .   (no shield)
rNeg     + + .     Faith    .   K - +5 plate armour {ponderous}
rPois    +         Spirit   +   Q - +0 helmet
rElec    +         Reflect  .   t - +2 cloak {rPois}
rCorr    .         Harm     .   i - +0 pair of gloves
MR       +....                  y - +0 pair of boots
Stlth    ..........             n - amulet of guardian spirit
Regen    0.4/turn               E - ring of fire
MPRegen  0.2/turn               w - +3 ring of protection

@: about to teleport, berserk cooldown, very slow
A: yellow scales 1, cold resistance 1, wild magic 1, sturdy frame 1
a: Berserk, Trog's Hand, Brothers in Arms, Burn Spellbooks, Renounce Religion,
Evoke Berserk Rage


You were on level 1 of the Swamp.
You worshipped Trog.
Trog was exalted by your worship.
You were near starving.

You visited 4 branches of the dungeon, and saw 20 of its levels.

You collected 2118 gold pieces.
You spent 169 gold pieces at shops.

Inventory:

Hand Weapons
 k - a +6 antimagic battleaxe
 T - a +4 antimagic battleaxe
 V - the +3 hand axe of Qitrud (weapon) {flame, +Rage rElec rN++ SInv}
   (You found it on level 10 of the Dungeon)

   It has been specially enchanted to burn those struck by it, causing extra
   injury to most foes and up to half again as much damage against particularly
   susceptible opponents.
   Big, fiery blades are also staple armaments of hydra-hunters.
   It insulates you from electricity.
   It greatly protects you from negative energy.
   It lets you see invisible.
   It lets you go berserk.
Armour
 i - a +0 pair of gloves (worn)
 t - a +2 cloak of poison resistance (worn)
 y - a +0 pair of boots (worn)
 K - a +5 plate armour of ponderousness (worn)
 Q - a +0 helmet (worn)
 U - a +3 chain mail
Jewellery
 l - a +2 ring of slaying
 n - an amulet of guardian spirit (around neck)
 u - an uncursed ring of positive energy
 w - a +3 ring of protection (right hand)
 x - an uncursed ring of protection from cold
 B - an uncursed ring of protection from magic
 E - a ring of fire (left hand)
 H - a cursed amulet of inaccuracy {unknown}
 R - an uncursed amulet of the gourmand {unknown}
Wands
 C - a wand of lightning (8/15)
 M - a wand of scattershot (1/9)
 O - a wand of enslavement (12/24)
Scrolls
 e - 4 scrolls of fog
 o - 9 scrolls of enchant weapon {unknown}
 q - 2 scrolls of random uselessness
 s - 9 scrolls of identify
 v - 8 scrolls of remove curse
 D - 2 scrolls of teleportation
 F - 4 scrolls of recharging {unknown}
 G - 3 scrolls of fear {unknown}
 L - 4 scrolls of blinking {unknown}
 N - a scroll of enchant armour {unknown}
 X - a scroll of vulnerability {unknown}
 Y - a scroll of magic mapping
Potions
 a - 2 potions of agility
 b - 4 potions of curing
 d - a potion of mutation
 g - 2 potions of heal wounds
 h - 5 potions of haste
 j - 2 potions of resistance
 m - a potion of cancellation
 r - 4 potions of flight
 A - 2 potions of might
 I - a potion of berserk rage {unknown}
 J - a potion of brilliance
 P - 2 potions of invisibility {unknown}
 S - 3 potions of ambrosia {unknown}
 W - 2 potions of degeneration {unknown}
 Z - 2 potions of lignification {unknown}
Comestibles
 c - 9 bread rations
 f - 14 royal jellies
 p - 5 meat rations
 z - 16 fruits


   Skills:
 + Level 17.5 Fighting
 - Level 21.2 Axes
 * Level 14.5 Armour
 - Level 1.6 Dodging
 - Level 1.0 Stealth


You had 14 spell levels left.
You didn't know any spells.

Dungeon Overview and Level Annotations

Branches:
Dungeon (11/15)            Temple (0/1) D:6            Lair (6/6) D:11
  Swamp (1/4) Lair:4       Spider (0/4) Lair:4        Slime (0/5) Lair:5
    Orc (2/2) D:9             Elf (0/3) Orc:2

Altars:
Dithmenos
Qazlal
Ru
Xom
Beogh

Shops:
D:7 %   D:9 =   Orc:2 (%:*


Innate Abilities, Weirdness & Mutations

You are partially covered in yellow scales. (AC +2)
Your flesh is cold resistant. (rC+)
Your spells are a little harder to cast, but a little more powerful.
Your movements are slightly less encumbered by armour. (ER -2)


Message History

The vampire mosquito bites you but does no damage.
The four-headed hydra bites you but does no damage. x3
The four-headed hydra bites you.
* * * LOW HITPOINT WARNING * * *
The swamp drake bites you but does no damage.
The vampire mosquito bites you!
* * * LOW HITPOINT WARNING * * *
Your unstable footing causes you to fumble your attack.
The vampire mosquito bites you but does no damage. x2
The vampire mosquito bites you!
* * * LOW HITPOINT WARNING * * *
The vampire mosquito draws strength from your injuries!
The vampire mosquito bites you.
* * * LOW HITPOINT WARNING * * *
The swamp drake bites you but does no damage.
The vampire mosquito barely misses you.
The four-headed hydra bites you but does no damage.
The four-headed hydra barely misses you.
The four-headed hydra bites you!
You die...

♣.≈ ♣♣...
♣..♣♣... ♣
♣..≈♣..♣ ♣≈
♣♣......♣
♣.≈♣≈≈≈≈...
♣≈.♣....≈.♣
♣..§.♣♣.†.♣
♣..≈..§ky.♣
♣$≈§≈≈@D.♣
♣.≈..yyy♣♣
♣≈.≈≈.≈.♣
♣≈≈§≈.≈.♣
♣.....≈.♣
♣≈≈≈...≈♣
♣..≈≈≈♣≈≈♣
...>≈♣≈≈.♣♣
.?≈≈≈..≈≈♣


You could see a four-headed hydra, a swamp drake and 4 vampire mosquitoes.

Vanquished Creatures
  Frances (Swamp:1)
  Kirke (Lair:4)
  Josephine (D:11)
  7 hydras
  Erica (D:11)
  A tengu warrior (D:11)
  3 two-headed ogres
  8 orc high priests
  An unseen horror (D:11)
  A deep elf archer (Orc:2)
  A lindwurm (Lair:4)
  An orb spider (Lair:4)
  An orc sorcerer (Orc:2)
  An orc knight (Orc:1)
  A deep elf mage (D:11)
  A cyclops (D:11)
  The ghost of galech the Ruffian, a novice TrMo of Trog (D:5)
  2 centaur skeletons
  5 black mambas
  11 elephants
  Maurice (Orc:2)
  26 spiny frogs
  A kobold demonologist (D:11)
  A rime drake (Lair:3)
  6 komodo dragons
  2 polar bears (Lair:1)
  4 tyrant leeches (Lair:6)
  7 trolls
  31 blink frogs
  3 hornets
  18 hippogriffs
  Sigmund (D:6)
  A dream sheep (Lair:6)
  2 centaur simulacra (D:10)
  3 wraiths (D:11)
  6 wyverns
  A shadow (D:11)
  10 spriggans
  38 yaks
  7 hogs
  3 basilisks
  2 hungry ghosts
  10 vampire mosquitoes
  Eustachio (D:4)
  A human (D:9)
  7 wargs (Orc:2)
  The ghost of ThereIsNoGod the Cudgeler, an amateur GrFi of Trog (D:4)
  10 water moccasins
  8 porcupines
  2 ice beasts
  18 orc warriors
  A hornet zombie (D:10)
  3 black bears
  2 sky beasts
  2 necrophages
  12 ogres
  10 wolves
  3 centaurs
  12 crocodiles
  24 bullfrogs
  A gnoll sergeant (D:10)
  5 scorpions
  39 killer bees
  4 wights (D:7)
  3 howler monkeys
  7 electric eels
  4 crimson imps
  5 jellies
  A wyvern simulacrum (D:10)
  Crazy Yiuf (D:3)
  3 bullfrog zombies
  A centaur zombie (D:11)
  4 hounds
  28 orc priests
  20 orc wizards
  A bullfrog skeleton (D:11)
  Terence (D:3)
  7 hell rats (Lair:2)
  2 iguanas
  Ijyb (D:5)
  10 worker ants
  A killer bee zombie (D:8)
  A howler monkey zombie (D:8)
  7 gnolls
  A howler monkey skeleton (D:10)
  10 adders
  A river rat (Lair:3)
  A hound simulacrum (D:10)
  2 shadow imps
  2 white imps (D:10)
  A worker ant simulacrum (D:10)
  2 oozes (Lair:5)
  An adder zombie (D:8)
  3 worms
  2 dart slugs
  4 leopard geckos
  100 orcs
  A ball python (D:6)
  5 bats
  A giant cockroach (D:2)
  6 goblins
  12 hobgoblins
  10 jackals
  12 kobolds
  6 quokkas
  2 frilled lizards (D:2)
  A leopard gecko skeleton (D:6)
  A quokka skeleton (D:7)
  7 rats
  5 fungi
  7 plants
714 creatures vanquished.

Vanquished Creatures (collateral kills)
  A spiny frog (Lair:3)
  A queen bee (Lair:3)
  A basilisk (Lair:3)
  A crocodile (Lair:3)
  3 killer bees (Lair:3)
7 creatures vanquished.

Vanquished Creatures (others)
  4 dream sheep (Lair:6)
  A basilisk (Lair:5)
  A jelly (D:10)
  14 fungi
  33 plants
53 creatures vanquished.

Grand Total: 774 creatures vanquished

Notes
Turn   | Place    | Note
-------+----------+-------------------------------------------
     0 | D:1      | Bareth the Hill Orc Berserker began the quest for the Orb.
     0 | D:1      | Reached XP level 1. HP: 19/19 MP: 1/1
   208 | D:1      | Reached XP level 2. HP: 27/27 MP: 2/2
   502 | D:1      | Reached skill level 5 in Axes
   567 | D:2      | Reached XP level 3. HP: 25/33 MP: 3/3
   752 | D:2      | Gained mutation: Your movements are slightly less encumbered by armour. (ER -2) [potion of mutation]
   752 | D:2      | Gained mutation: Your spells are a little harder to cast, but a little more powerful. [potion of mutation]
   752 | D:2      | Gained mutation: You are partially covered in yellow scales. (AC +2) [potion of mutation]
   752 | D:2      | Gained mutation: Your flesh is cold resistant. (rC+) [potion of mutation]
   755 | D:2      | Reached ** piety under Trog
   880 | D:2      | Reached XP level 4. HP: 34/40 MP: 4/4
  1357 | D:2      | Reached skill level 6 in Axes
  1403 | D:3      | Found a sacrificial altar of Ru.
  1439 | D:3      | Noticed Terence
  1443 | D:3      | Killed Terence
  1723 | D:3      | Found a runed door.
  1751 | D:3      | Noticed Crazy Yiuf
  1758 | D:3      | Killed Crazy Yiuf
  1758 | D:3      | Reached XP level 5. HP: 36/46 MP: 3/5
  1842 | D:3      | Reached skill level 7 in Axes
  2252 | D:3      | Found a faded altar of an unknown god.
  2402 | D:4      | Reached XP level 6. HP: 51/53 MP: 6/6
  2468 | D:4      | Reached skill level 8 in Axes
  2473 | D:4      | Noticed ThereIsNoGod's ghost (amateur GrFi)
  2480 | D:4      | Killed ThereIsNoGod's ghost
  2582 | D:4      | Found a shadowy altar of Dithmenos.
  2629 | D:4      | Noticed Eustachio
  2650 | D:4      | Killed Eustachio
  2650 | D:4      | Reached skill level 9 in Axes
  2650 | D:4      | Reached XP level 7. HP: 60/60 MP: 7/7
  3040 | D:5      | Entered Level 5 of the Dungeon
  3160 | D:5      | Reached skill level 5 in Fighting
  3160 | D:5      | Reached skill level 10 in Axes
  3212 | D:5      | Noticed Ijyb
  3224 | D:5      | Killed Ijyb
  3514 | D:5      | Noticed galech's ghost (novice TrMo)
  3531 | D:5      | Killed galech's ghost
  3531 | D:5      | Reached skill level 11 in Axes
  3531 | D:5      | Reached skill level 1 in Stealth
  3531 | D:5      | Reached XP level 8. HP: 69/69 MP: 5/8
  3717 | D:6      | Noticed Sigmund
  3726 | D:6      | Killed Sigmund
  3726 | D:6      | Reached skill level 12 in Axes
  3768 | D:6      | Reached *** piety under Trog
  3999 | D:6      | Found a staircase to the Ecumenical Temple.
  4249 | D:6      | Reached skill level 13 in Axes
  4514 | D:6      | Reached XP level 9. HP: 76/78 MP: 9/9
  4836 | D:7      | Reached skill level 14 in Axes
  5044 | D:7      | Reached **** piety under Trog
  5221 | D:7      | Found Hulua's Food Shoppe.
  5503 | D:8      | Reached skill level 15 in Axes
  5521 | D:8      | Reached XP level 10. HP: 88/88 MP: 10/10
  5571 | D:8      | Reached skill level 16 in Axes
  5902 | D:8      | Reached ***** piety under Trog
  6305 | D:9      | Reached skill level 17 in Axes
  6486 | D:9      | Found a staircase to the Orcish Mines.
  6632 | D:9      | Reached XP level 11. HP: 93/97 MP: 11/11
  6741 | D:9      | Reached skill level 18 in Axes
  6817 | D:9      | Reached skill level 10 in Fighting
  6879 | D:9      | Found Nyolef's Jewellery Shoppe.
  6932 | D:9      | Received a gift from Trog
  7021 | D:9      | Noticed a two-headed ogre
  7026 | D:9      | Killed a two-headed ogre
  7153 | D:10     | Entered Level 10 of the Dungeon
  7931 | D:10     | Found a roughly hewn altar of Beogh.
  8380 | D:10     | Got a slimy hand axe
  8381 | D:10     | Identified the +3 hand axe of Qitrud {flame, +Rage rElec rN++ SInv} (You found it on level 10 of the Dungeon)
  8452 | D:10     | Reached skill level 19 in Axes
  8791 | D:10     | Noticed a two-headed ogre
  8798 | D:10     | Killed a two-headed ogre
  8844 | D:10     | Found a stormy altar of Qazlal.
  9331 | D:10     | Reached XP level 12. HP: 95/110 MP: 8/12
  9426 | D:11     | Noticed a tengu warrior
  9449 | D:11     | Killed a tengu warrior
  9744 | D:11     | Noticed Erica
  9765 | D:11     | Killed Erica
  9778 | D:11     | Reached skill level 20 in Axes
  9787 | D:11     | Reached ****** piety under Trog
  9949 | D:11     | Noticed a two-headed ogre
  9959 | D:11     | Killed a two-headed ogre
 10159 | D:11     | Found a staircase to the Lair.
 10307 | D:11     | Received a gift from Trog
 10408 | D:11     | Noticed Josephine
 10430 | D:11     | Killed Josephine
 10535 | Lair:1   | Entered Level 1 of the Lair of Beasts
 10907 | Lair:1   | Reached skill level 21 in Axes
 11087 | Lair:1   | Reached XP level 13. HP: 110/123 MP: 10/13
 12900 | Lair:2   | Reached skill level 5 in Armour
 14027 | Lair:3   | Received a gift from Trog
 14778 | Lair:3   | Reached skill level 15 in Fighting
 15229 | Lair:4   | Found a dark tunnel.
 15341 | Lair:4   | Noticed Kirke
 15360 | Lair:4   | Killed Kirke
 15360 | Lair:4   | Reached XP level 14. HP: 135/135 MP: 14/14
 15656 | Lair:4   | Found a staircase to the Swamp.
 15679 | Lair:4   | Found a hole to the Spider Nest.
 16114 | Lair:5   | Reached skill level 10 in Armour
 16320 | Lair:5   | Found a staircase to the Slime Pits.
 16794 | Lair:6   | Entered Level 6 of the Lair of Beasts
 17278 | Lair:5   | Received a gift from Trog
 18953 | Lair:6   | Found a shimmering altar of Xom.
 18955 | Lair:6   | Reached XP level 15. HP: 145/145 MP: 15/15
 19659 | Orc:1    | Entered Level 1 of the Orcish Mines
 19675 | Orc:1    | Received a gift from Trog
 20178 | Orc:2    | Entered Level 2 of the Orcish Mines
 20178 | Orc:2    | Found a staircase to the Elven Halls.
 20194 | Orc:2    | Found a roughly hewn altar of Beogh.
 20215 | Orc:2    | Noticed Maurice
 20230 | Orc:2    | Killed Maurice
 20517 | Orc:2    | Found Miteg's Book Emporium.
 20517 | Orc:2    | Found Lamoxki's Assorted Antiques.
 21155 | Orc:2    | Received a gift from Trog
 21156 | Orc:2    | Found a roughly hewn altar of Beogh.
 21264 | Orc:2    | Found Reaxt's Food Shop.
 21386 | Orc:2    | Found Piutehob's Antique Weapon Emporium.
 21488 | Orc:2    | Bought a scroll of teleportation for 78 gold pieces
 21488 | Orc:2    | Bought a scroll of magic mapping for 91 gold pieces
 21906 | Orc:2    | Received a gift from Trog
 22322 | Swamp:1  | Entered Level 1 of the Swamp
 22322 | Swamp:1  | Noticed Frances
 22335 | Swamp:1  | Killed Frances
 22370 | Swamp:1  | HP: 5/147 [vampire mosquito (7)]
 22370 | Swamp:1  | Slain by a four-headed hydra

Skill      XL: |  1  2  3  4  5  6  7  8  9 10 11 12 13 14 15 |
---------------+----------------------------------------------+-----
Axes           | 5 6 7 9 11 13 15 17 19 21 | 21.2
Fighting       | 4 5 6 7 9 11 13 15 16 17 | 17.5
Stealth        | 1 |  1.0
Armour         | 9 13 14 | 14.5
Dodging        | |  1.6

Action                   |  1- 3 |  4- 6 |  7- 9 | 10-12 | 13-15 || total
-------------------------+-------+-------+-------+-------+-------++-------
Melee: Hand axe          |    99 |    72 |   187 |   790 |  1334 ||  2482
       War axe           |       |    51 |    91 |       |       ||   142
       Battleaxe         |       |       |       |       |    29 ||    29
Invok: Berserk           |     3 |     4 |     7 |    10 |    14 ||    38
       Burn Spellbooks   |       |       |     1 |     1 |     3 ||     5
       Brothers in Arms  |       |       |       |       |     1 ||     1
  Use: Scroll            |     4 |     6 |     1 |       |     7 ||    18
       Potion            |     2 |     6 |       |       |       ||     8
 Stab: Fleeing           |       |       |       |       |     1 ||     1
       Distracted        |       |       |       |       |     1 ||     1
  Eat: Chunk             |     3 |     8 |    13 |    23 |    29 ||    76
       Meat ration       |       |       |     1 |     1 |     1 ||     3
       Fruit             |       |       |       |     1 |       ||     1
       Bread ration      |       |       |       |       |     3 ||     3
       Royal jelly       |       |       |       |       |     1 ||     1
Armor: Animal skin       |    22 |       |       |       |       ||    22
       Scale mail        |    13 |    40 |    95 |    46 |       ||   194
       Chain mail        |       |       |       |   291 |   527 ||   818
       Plate armour      |       |       |       |       |   302 ||   302
Dodge: Dodged            |    67 |    53 |    98 |   287 |   542 ||  1047
